AoeStats
← albaevaarina0

Arabia

510285160Analyzed
1v1 RM · 1d ago on Sep 30, 2026· 27m 55s· 2 players
Game mode
Random Map
Map size
Tiny (2 player)
Population
200
Speed
Normal
Resources
Standard
Victory
Conquest
Starting age
Dark Age
Ending age
Imperial Age
RankedLock teamsTeams togetherTeam positionsShared explorationLock speedFull tech treeHidden civsTurbo modeCheats
Victory
Defeat
🇰🇿 Japanese · Kazakhstan
1077
+15
🇹🇼 Mongols · Taiwan
1049
-15
Metro Boomin
8:59 Feudal Age
10:56 Loom
16:25 Forging
16:56 Double-Bit Axe
17:27 Horse Collar
24:50 Castle Age
23:27 Stone Mining
26:04 Scale Barding Armor
albaevaarina0
6:32 Loom
9:56 Feudal Age
10:00 Man-at-Arms
15:53 Double-Bit Axe
15:51 Horse Collar
18:44 Stone Mining
21:01 Castle Age
20:44 Scale Mail Armor
21:41 Gold Mining
24:13 Squires
25:35 Forging
27:00 Arson
Connection lost

Rejoining the realm…

Still unreachable

The connection could not be restored.

Session expired

The server has moved on; the page needs a fresh start.